 Dungeon Crawl Stone Soup version 0.28-a0-938-gbc3f381 (webtiles) character file.

Game seed: 15110495819792161928

20 Blightor the Ducker (level 2, 0/14 HPs)
             Began as a Felid Berserker on Nov 28, 2021.
             Was a Follower of Trog.
             Slain by a gnoll (7 damage)
             ... on level 2 of the Dungeon.
             The game lasted 00:04:58 (1234 turns).

Blightor the Ducker (Felid Berserker)               Turns: 1234, Time: 00:04:59

Health: 0/14       AC:  1    Str: 13    XL:     2   Next: 58%
Magic:  3/3        EV: 18    Int:  8    God:    Trog [*.....]
Gold:   51         SH:  0    Dex: 15    Spells: 1/1 levels left
                                        Lives:  0   Deaths: 0

rFire   . . .      SeeInvis +     - Unarmed
rCold   . . .      Faith    .   (shield unavailable)
rNeg    . . .      Spirit   .   (armour unavailable)
rPois   .          Reflect  .   (helmet unavailable)
rElec   .          Harm     .   (cloak unavailable)
rCorr   .          Rampage  .   (gloves unavailable)
Will    .....                   (boots unavailable)
Stlth   +.........              (no amulet)
HPRegen 0.04/turn               (no ring)
MPRegen 0.08/turn               (no ring)

@: quick
A: very small, claws 1, fangs 3, see invisible, speed 1, shaggy fur 1, stealthy
paws, no weapons or thrown items, no armour, multi-lived
a: Renounce Religion, Berserk


You were on level 2 of the Dungeon.
You worshipped Trog.
Trog was aware of your devotion.
You visited 1 branch of the dungeon, and saw 2 of its levels.

You collected 51 gold pieces.

Inventory:

Scrolls
 a - 3 scrolls of identify
 b - a scroll of teleportation
 c - a scroll of immolation {unknown}
 d - a scroll of enchant weapon {unknown}


   Skills:
 + Level 3.4 Fighting
 + Level 4.1 Dodging
 + Level 3.4 Unarmed Combat


You had one spell level left.
You didn't know any spells.
Your spell library was empty.

Dungeon Overview and Level Annotations

Branches:
Dungeon (2/15)

Altars:


Innate Abilities, Weirdness & Mutations

You have sharp claws.
You have razor-sharp teeth.
You have supernaturally acute eyesight. (SInv)
You cover ground quickly. (Speed+)
You are covered in fur. (AC +1)
Your paws help you pounce on unaware monsters.
You are incapable of wielding weapons or throwing items.
You cannot wear armour.
You gain extra lives every three experience levels.


Message History

Trog accepts your kill.
Found a stone staircase leading up.
You see here a +0 club.
You open the door.
There is an open door here.
Found a dagger.
A gnoll comes into view. It is wielding a +0 flail.
A gnoll is nearby!
The gnoll shouts!
A gnoll comes into view. It is wielding a +0 whip.
The gnoll moves out of view.
The gnoll shouts!
A frilled lizard comes into view.
An endoplasm comes into view.
A gnoll comes into view. It is wielding a +0 club.
The gnoll shouts!
You hear a shout!
The endoplasm quivers.
A gnoll comes into view. It is wielding a +0 halberd.
The gnoll shouts!
You closely miss the gnoll. Your bite misses the gnoll.
The gnoll closely misses you.
You scratch the gnoll.
The gnoll is lightly wounded.
The gnoll hits you with a +0 flail.
You closely miss the gnoll. Your bite misses the gnoll.
The gnoll is lightly wounded.
The gnoll closely misses you.
You scratch the gnoll.
The gnoll is moderately wounded.
The gnoll misses you.
You closely miss the gnoll. You bite the gnoll.
The gnoll is moderately wounded.
The gnoll completely misses you.
You closely miss the gnoll.
The gnoll is moderately wounded.
The gnoll hits you with a +0 flail.
You claw the gnoll!
The gnoll is severely wounded.
The gnoll hits you with a +0 flail!
Ouch! That really hurt!
You die...

..............#...#
#
#######.#######.###
# . #.# #...... ..
#.# ####### ... #.#
### ..l. #.# ##..
..... #.# #...#
.....J#####.# ..###
#....ggg@...# .##..
#....g####### ..#..
#.... #.##. #...
#..+. ### ##.##
#..# ##.. #.# ###


You could see 4 gnolls and an endoplasm.

Vanquished Creatures
  A dart slug (D:1)
  A ball python (D:1)
  2 endoplasms (D:1)
  2 goblins
  4 hobgoblins (D:1)
  4 bats
  2 frilled lizards
16 creatures vanquished.

Notes
Turn   | Place    | Note
-------+----------+-------------------------------------------
     0 | D:1      | Blightor the Felid Berserker began the quest for the Orb.
     0 | D:1      | Reached XP level 1. HP: 10/10 MP: 2/2
   494 | D:1      | Reached XP level 2. HP: 14/14 MP: 3/3
  1085 | D:2      | Found a faded altar of an unknown god.
  1234 | D:2      | Slain by a gnoll

Illustrated notes

Levels and vault maps discovered:
D:1:      roderic_octagonal_star, layout_basic, hangedman_decor_lopped
D:2:      minmay_skewed_foursquare, layout_basic, ebering_ecumenical_altar_hall,
          grunt_ministairs_3, st_stairs_5

Action                   || total
-------------------------++-------
Melee: Unarmed           ||    45
       Bite              ||     3
       Punch             ||     1
  Use: Scroll            ||     1
Dodge: Dodged            ||    48

Table legend: (Time is in decaauts)
 A = Elapsed time spent in this place.
 B = Non-inter-level travel time spent in this place.
 C = Inter-level travel time spent in this place.
 D = Time resting spent in this place.
 E = Time spent auto-exploring this place.
 F = Levels seen in this place.
 G = Mean time per level.
                   A        B        C        D        E       F      G
               +--------+--------+--------+--------+--------+-----+--------+
         Total |   1045 |   1036 |      9 |      0 |    864 |   2 |  522.5 |
       Dungeon |   1045 |   1036 |      9 |      0 |    864 |   2 |  522.5 |
               +--------+--------+--------+--------+--------+-----+--------+

Top non-repeatable levels by time:
     D:1: 822 daAuts
     D:2: 222 daAuts
